 Dungeon Crawl Stone Soup version 0.21.0-24-g2553a33 (webtiles) character file.

128 Vesto the Skirmisher (level 5, -1/33 HPs)
             Began as a Gargoyle Fighter on Jan 21, 2018.
             Slain by an ogre
             ... wielding a +0 giant club
              (14 damage)
             ... on level 4 of the Dungeon.
             The game lasted 00:02:32 (930 turns).

Vesto the Skirmisher (Gargoyle Fighter)              Turns: 930, Time: 00:02:33

Health: -1/33      AC:  9    Str: 19    XL:     5   Next: 12%
Magic:  6/6        EV:  8    Int: 10    God:
Gold:   93         SH:  9    Dex:  9    Spells: 5/5 levels left

rFire    . . .     SeeInvis .   a - +0 flail
rCold    . . .     Gourm    .   c - +0 shield
rNeg     + . .     Faith    .   g - +0 ring mail (curse)
rPois    ∞         Spirit   .   (no helmet)
rElec    +         Reflect  .   (no cloak)
rCorr    .         Harm     .   (no gloves)
MR       .....                  (no boots)
Stlth    +.........             (no amulet)
HPRegen  0.11/turn              (no ring)
MPRegen  0.10/turn              (no ring)

@: hasted, very quick
A: negative energy resistance 1, electricity resistance, unbreathing,
petrification resistance, rot immunity, AC +4
a: no special abilities


You were on level 4 of the Dungeon.
You were not hungry.

You visited 1 branch of the dungeon, and saw 5 of its levels.

You collected 93 gold pieces.

Inventory:

Hand Weapons
 a - a +0 flail (weapon)
 d - a +2 falchion of holy wrath
Armour
 b - a +0 scale mail
 c - a +0 shield (worn)
 g - a cursed +0 ring mail (worn)
Jewellery
 i - an uncursed ring of see invisible {unknown}
 l - an uncursed amulet of harm {unknown}
Wands
 h - a wand of clouds (4)
Scrolls
 j - a scroll of amnesia {unknown}
Comestibles
 f - a ration


   Skills:
 * Level 3.9 Fighting
 * Level 2.8 Maces & Flails
 + Level 1.1 Throwing
 + Level 3.7 Armour
 + Level 1.0 Dodging
 + Level 1.4 Stealth
 + Level 3.6 Shields
 + Level 0.9 Spellcasting


You had 5 spell levels left.
You didn't know any spells.

Dungeon Overview and Level Annotations

Branches:
Dungeon (5/15)
 Temple: D:4-7

Altars:


Innate Abilities, Weirdness & Mutations

You are resistant to torment.
Your stone body is resilient. (AC +4)
You are immune to poison.
You resist negative energy. (rN+)
You are resistant to electric shocks. (rElec)
You can survive without breathing.
You are immune to petrification.
You are immune to rotting.


Message History

a dagger; a robe; a club
There is a stone staircase leading up here.
You climb upwards.
The ogre shouts!
There is a stone staircase leading down here.
The ogre barely misses you.
You feel yourself speed up.
You sock the ogre!
The ogre is heavily wounded.
The ogre hits you with a giant club!!
Ouch! That really hurt!
You sock the ogre!
The ogre is almost dead.
The ogre closely misses you.
You barely miss the ogre.
The ogre is almost dead.
You barely miss the ogre.
The ogre is almost dead.
The ogre hits you with a giant club!
You die...

#.. # #.# .# #.# ..
#.##. ###.#. .#. #
.... #.... ###.
#.####......
#...##.O@<..#o.#
#....>.#####..#
#...#..........######
. #........#...#.(.
#.......#........
#................
#................
#................
#.......#<.......


You could see an ogre.

Vanquished Creatures
  An orc wizard (D:5)
  An orc priest (D:4)
  A hound (D:2)
  An adder (D:2)
  An ooze (D:3)
  A worm (D:3)
  3 orcs
  A bat (D:2)
  A giant cockroach (D:2)
  2 goblins
  2 hobgoblins
  3 jackals (D:2)
  A quokka (D:3)
  2 frilled lizards (D:2)
  A kobold (D:2)
  2 rats
24 creatures vanquished.

Notes
Turn   | Place    | Note
-------+----------+-------------------------------------------
     0 | D:1      | Vesto the Gargoyle Fighter began the quest for the Orb.
     0 | D:1      | Reached XP level 1. HP: 14/14 MP: 1/1
    63 | D:2      | Noticed a hound
    73 | D:2      | Killed a hound
    73 | D:2      | Reached XP level 2. HP: 9/19 MP: 2/2
    73 | D:2      | Reached XP level 3. HP: 11/23 MP: 3/3
   131 | D:2      | Reached skill level 1 in Stealth
   602 | D:3      | Reached XP level 4. HP: 29/29 MP: 4/4
   654 | D:5      | Entered Level 5 of the Dungeon
   898 | D:4      | Reached skill level 1 in Throwing
   914 | D:4      | Noticed an ogre
   918 | D:5      | Reached skill level 1 in Dodging
   918 | D:5      | Reached XP level 5. HP: 30/33 MP: 6/6
   930 | D:4      | Slain by an ogre

Skill      XL: |  1  2  3  4 |
---------------+-------------+-----
Stealth        | 1 |  1.4
Throwing       | 1 |  1.1
Dodging        | 1 |  1.0
Fighting       | |  3.9
Maces & Flails | |  2.8
Armour         | |  3.7
Shields        | |  3.6
Spellcasting   | |  0.9

Action                   |  1- 3 |  4- 6 || total
-------------------------+-------+-------++-------
Melee: Flail             |    92 |    43 ||   135
Evoke: Wand              |     1 |       ||     1
  Use: Potion            |     3 |     1 ||     4
       Scroll            |       |     2 ||     2
Armor: Scale mail        |    38 |       ||    38
       Ring mail         |    24 |    20 ||    44
Dodge: Dodged            |    45 |    19 ||    64
Block: Shield            |    39 |    15 ||    54
